 Dungeon Crawl Stone Soup version 0.28.0 (webtiles) character file.

Game seed: 5289839434418230391

91 DemonSlayer the Magician (level 4, -3/24 HPs)
             Began as a Deep Elf Hedge Wizard on Feb 15, 2022.
             Shot with an arrow by a centaur (13 damage)
             ... on level 3 of the Dungeon.
             The game lasted 00:10:03 (5388 turns).

DemonSlayer the Magician (Deep Elf Hedge Wizard)    Turns: 5388, Time: 00:10:04

Health: -3/24      AC:  2    Str:  7    XL:     4   Next: 33%
Magic:  2/13       EV: 13    Int: 21    God:
Gold:   55         SH:  0    Dex: 14    Spells: 2/14 levels left

rFire   . . .      SeeInvis .   a - +0 dagger
rCold   . . .      Faith    .   (no shield)
rNeg    . . .      Spirit   .   b - +0 robe
rPois   .          Reflect  .   c - +0 hat
rElec   .          Harm     .   g - scarf {shadows}
rCorr   .          Rampage  .   (no gloves)
Will    .....                   (no boots)
Stlth   ++........              (no amulet)
HPRegen 0.08/turn               (no ring)
MPRegen 0.13/turn               (no ring)

@: about to teleport
A: no striking features
a: no special abilities


You were on level 3 of the Dungeon.
You visited 1 branch of the dungeon, and saw 3 of its levels.

You collected 55 gold pieces.

Inventory:

Hand Weapons
 a - a +0 dagger (weapon)
Armour
 b - a +0 robe (worn)
 c - a +0 hat (worn)
 g - a scarf of shadows (worn)
Potions
 d - a potion of might
 e - 3 potions of attraction
 h - a potion of curing
 i - a potion of degeneration {unknown}


   Skills:
 + Level 0.2 Short Blades
 + Level 3.0 Dodging
 + Level 3.4 Stealth
 + Level 5.8 Spellcasting
 + Level 2.1 Conjurations
 + Level 1.1 Summonings
 + Level 1.1 Translocations


You had 2 spell levels left.
You knew the following spells:

 Your Spells              Type           Power      Damage    Failure   Level
a - Magic Dart            Conj           60%        1d6       4%          1
b - Slow                  Hex            24%        N/A       10%         1
c - Blink                 Tloc           20%        N/A       10%         2
d - Call Imp              Summ           11%        N/A       10%         2
e - Conjure Flame         Conj/Fire      10%        6-21      19%         3
f - Mephitic Cloud        Conj/Pois/Air  9%         N/A       22%         3

Your spell library contained the following spells:

 Spells                   Type           Power      Damage    Failure   Level


Dungeon Overview and Level Annotations

Branches:
Dungeon (3/15)

Altars:
Okawaru

Annotations:
D:3 Ijyb


Message History

Ijyb is lightly wounded.
Ijyb is engulfed in noxious fumes.
Ijyb appears confused.
The magic dart hits Ijyb but does no damage.
Ijyb is lightly wounded.
The magic dart hits Ijyb.
Ijyb is moderately wounded.
The magic dart hits Ijyb but does no damage.
Ijyb is moderately wounded.
A centaur comes into view.
The magic dart hits the centaur.
The centaur is lightly wounded.
The centaur wields a +0 shortbow.
The centaur shoots an arrow.
The arrow hits you!
Casting: Magic Dart (safe; 4% risk of failure)
Confirm with . or Enter, or press ? or * to list all spells.
The spell is extremely dangerous to miscast (22% risk of failure)!
Continue anyway?
Aiming: Mephitic Cloud (extremely dangerous; 22% risk of failure)
Press: ? - help, Shift-Dir - straight line, f/p - centaur
Aim: a centaur, wielding a +0 shortbow and quivering arrows (lightly wounded, chance to affect: 81%)
The ball explodes into a vile cloud!
The stinking cloud engulfs the centaur but does no damage.
The centaur is lightly wounded.
The centaur is engulfed in noxious fumes.
The centaur shoots an arrow.
The arrow hits you.
The centaur is engulfed in noxious fumes.
The centaur appears confused.
The centaur is engulfed in noxious fumes.
Ijyb is engulfed in noxious fumes.
Ijyb appears confused.
There is an open door here.
Ijyb is engulfed in noxious fumes.
Ijyb appears confused.
You close the door.
A centaur opens the door.
It is wielding a +0 shortbow.
Okay, then.
The centaur shoots an arrow.
The arrow hits you.
As you read the scroll labelled IGININT ICOMIX, it crumbles to dust.
You feel strangely unstable.
It was a scroll of teleportation.
The centaur shoots an arrow.
The arrow misses you.
The centaur shoots an arrow.
The arrow hits you!
Ouch! That really hurt!
You die...
PPPPPPP.#

........#
...P.PPP.P.#
##...P.....P.#
....P.._..P.##
##.#.P.....P..##
##..#.P.PPP.P...##
##................##
#..@...PPPPPPP....'.
###...#.c..........##
.........#.........##
####.########.....##
#. ##c..## #. ##'##
#. #.# #.# #.#


You could see a centaur.

Vanquished Creatures
  Robin (D:2)
  An adder (D:3)
  A worm (D:3)
  A dart slug (D:2)
  6 orcs (D:3)
  5 endoplasms
  6 goblins
  7 hobgoblins
  10 jackals
  4 quokkas
  3 ball pythons
  5 bats
  A frilled lizard (D:2)
  2 rats (D:1)
53 creatures vanquished.

Notes
Turn   | Place    | Note
-------+----------+-------------------------------------------
     0 | D:1      | DemonSlayer the Deep Elf Hedge Wizard began the quest for
                  | the Orb.
     0 | D:1      | Reached XP level 1. HP: 10/10 MP: 7/7
     2 | D:1      | Learned a level 1 spell: Slow
   143 | D:1      | Found a faded altar of an unknown god.
   403 | D:1      | Reached XP level 2. HP: 15/15 MP: 4/9
   406 | D:1      | Learned a level 2 spell: Blink
   409 | D:1      | Learned a level 2 spell: Call Imp
   543 | D:1      | Reached skill level 5 in Spellcasting
  1926 | D:2      | Reached XP level 3. HP: 14/19 MP: 4/11
  2069 | D:2      | Learned a level 3 spell: Conjure Flame
  2073 | D:2      | Learned a level 3 spell: Mephitic Cloud
  2156 | D:2      | Noticed Robin
  3906 | D:2      | Killed Robin
  4267 | D:3      | Reached XP level 4. HP: 15/24 MP: 3/13
  4585 | D:3      | Noticed Ijyb
  5347 | D:3      | Found an iron altar of Okawaru.
  5372 | D:3      | Noticed a centaur
  5388 | D:3      | Shot with an arrow by a centaur

Illustrated notes

Levels and vault maps discovered:
D:1:      dpeg_arrival_another_circle, layout_loops_ring,
          ebering_ecumenical_altar_ruins
D:2:      layout_basic, uniq_robin
D:3:      layout_loops_corners, mainiacjoe_overflow_cross_hatched, serial_shops,
          nicolae_shop_temple_entry_statues_fountains, uniq_ijyb, uniq_sigmund

Skill      XL: |  1  2  3 |
---------------+----------+-----
Spellcasting   | 5 |  5.8
Dodging        | 3 |  3.0
Stealth        | 3 |  3.4
Conjurations   | 2 |  2.1
Short Blades   | |  0.2
Summonings     | |  1.1
Translocations | |  1.1

Action                   |  1- 3 |  4- 6 || total
-------------------------+-------+-------++-------
Melee: Dagger            |     5 |       ||     5
 Cast: Magic Dart        |   145 |    55 ||   200
       Blink             |     2 |       ||     2
       Mephitic Cloud    |       |     3 ||     3
  Use: Scroll            |       |     4 ||     4
Armor: Robe              |    14 |     4 ||    18
Dodge: Dodged            |    48 |    16 ||    64
